 Dungeon Crawl Stone Soup version 0.20-a0-507-gc86f373 (webtiles) character file.

73644 Yakui the Phalangite (level 15, -3/83 HPs)
             Began as a Merfolk Gladiator on Jan 21, 2017.
             Was the Champion of Hepliaklqana.
             Killed from afar by a starcursed mass (14 damage)
             ... with an accursed screaming
             ... on level 3 of the Abyss.
             The game lasted 01:24:31 (23399 turns).

Yakui the Phalangite (Merfolk Gladiator)           Turns: 23399, Time: 01:24:32

Health: -3/83      AC: 16    Str: 20    XL:     15   Next: 44%
Magic:  14/14      EV: 23    Int:  8    God:    Hepliaklqana [******]
Gold:   1815       SH:  0    Dex: 16    Spells: 15/20 levels left

rFire    . . .     SeeInvis .   O - +3 bardiche (chop)
rCold    + . .     Gourm    .   V - +3 scale mail {rPois}
rNeg     + . .     Faith    .   (shield currently unavailable)
rPois    +         Spirit   .   a - +0 helmet
rElec    +         Reflect  .   N - +1 cloak of Starlight {rElec rC+ EV+4 Stlth--}
rCorr    .         Harm     .   P - +0 pair of gloves (curse)
MR       +....     Rnd*Rage +   F - +2 pair of boots {Fly}
Stlth    ..........             p - amulet of rage
Regen    0.2/turn               (no ring)
                                E - ring of positive energy

@: flying, repel missiles
A: change form in water, swift swim, stealthy swim, reduced essence, berserk 3,
deformed body, frail 2, low mp 3, slow regeneration 1
a: Recall Ancestor, Ancestor Identity, Transference, Idealise, Renounce
Religion, Evoke Berserk Rage, Stop Flying


You were on level 3 of the Abyss.
You worshipped Hepliaklqana.
Hepliaklqana was exalted by your worship.
You were hungry.

You visited 3 branches of the dungeon, and saw 22 of its levels.
You visited the Abyss 1 time.

You collected 1815 gold pieces.

Inventory:

Hand Weapons
 O - a +3 bardiche of chopping (weapon)
Missiles
 d - 4 throwing nets
 y - 17 tomahawks (quivered)
Armour
 a - a +0 helmet (worn)
 t - a +0 cloak of poison resistance
 F - a +2 pair of boots of flying (worn)
 N - the +1 cloak of Starlight (worn) {rElec rC+ EV+4 Stlth--}
   (You found it on level 9 of the Dungeon)

   It affects your evasion (+4).
   It protects you from cold.
   It insulates you from electricity.
   It makes you much less stealthy.
 P - a cursed +0 pair of gloves (worn)
 V - a +3 scale mail of poison resistance (worn)
 Y - a +2 chain mail of fire resistance
Jewellery
 m - an uncursed ring of fire
 p - an amulet of rage (around neck)
 x - an uncursed ring of ice
 E - a ring of positive energy (left hand)
Wands
 q - a wand of digging (0/24)
Scrolls
 c - a scroll of summoning
 e - 3 scrolls of blinking
 i - 11 scrolls of remove curse
 j - 2 scrolls of identify
 l - 13 scrolls of teleportation
 s - 5 scrolls of fog
 v - a scroll of enchant armour
 z - 3 scrolls of recharging
 B - a scroll of torment
 T - 2 scrolls of fear
Potions
 b - a potion of heal wounds
 h - 2 potions of berserk rage
 k - 6 potions of might
 n - 6 potions of curing
 r - 3 potions of cure mutation
 u - 4 potions of brilliance
 w - 2 potions of magic
 A - a potion of resistance
 C - 5 potions of agility
 D - 3 potions of haste
 J - a potion of lignification
 Q - a potion of cancellation
 U - 3 potions of invisibility
Books
 G - a book of Air

   Spells                             Type                      Level
   a - Shock                          Conjuration/Air              1
   b - Swiftness                      Charms/Air                   2
   c - Repel Missiles                 Charms/Air                   2
   d - Static Discharge               Conjuration/Air              3
   e - Lightning Bolt                 Conjuration/Air              5
 M - a book of Necromancy

   Spells                             Type                      Level
   a - Pain                           Necromancy                   1
   b - Animate Skeleton               Necromancy                   1
   c - Vampiric Draining              Necromancy                   3
   d - Regeneration                   Charms/Necromancy            3
   e - Animate Dead                   Necromancy                   4
   f - Control Undead                 Necromancy                   4
Miscellaneous
 o - a sack of spiders
 R - a box of beasts
 S - a phantom mirror
 W - a lamp of fire
Comestibles
 f - 8 bread rations
 g - 8 royal jellies
 H - 15 meat rations
 L - 16 fruits


   Skills:
 - Level 11.4 Fighting
 - Level 22.0 Polearms
 - Level 2.0 Throwing
 - Level 8.0 Armour
 - Level 13.4 Dodging
 - Level 3.4 Stealth
 - Level 3.4 Spellcasting
 + Level 4.6 Charms
 + Level 3.5 Necromancy
 - Level 3.0 Air Magic
 - Level 8.0 Invocations


You had 15 spell levels left.
You knew the following spells:

 Your Spells              Type           Power        Failure   Level  Hunger
a - Repel Missiles        Chrm/Air       #.....       24%         2    ###....
b - Regeneration          Chrm/Necr      #.........   52%         3    ####...


Dungeon Overview and Level Annotations

Branches:
Dungeon (15/15)            Temple (1/1) D:6            Lair (6/6) D:8
  Swamp (0/4) Lair:4       Spider (0/4) Lair:3        Slime (0/5) Lair:5
    Orc (0/2) D:9          Vaults (0/5) D:13
 Depths: D:15

Altars:
Ashenzari
Cheibriados
Dithmenos
Elyvilon
Fedhas
Gozag
Hepliaklqana
Kikubaaqudgha
Makhleb
Nemelex Xobeh
Okawaru
Qazlal
Ru
Sif Muna
Trog
Uskayaw
Vehumet
Xom
Yredelemnul
Zin
The Shining One

Portals:
Hell: Lair:6

Annotations:
D:15 Louise
Lair:4 exclusion: 2 oklob plants
Lair:5 exclusion: ice statue
Lair:6 exclusion: oklob plant


Innate Abilities, Weirdness & Mutations

You revert to your normal form in water.
You are very nimble and swift while swimming.
You are very stealthy in the water. (Stealth+)
Your life essence is reduced. (-10% HP)
You regenerate slowly when monsters are visible.
[You have an uncontrollable temper.]
[Armour fits poorly on your strangely shaped body.]
[You are very frail. (-20% HP)]
[Your magical capacity is extremely low. (-30% MP)]


Message History

2 starspawn tentacles come into view.
You are feeling hungry.
The wretched star pulses with an eldritch light!
You feel extremely angry at everything!
A starcursed mass comes into view.
The starcursed mass shrieks in your mind.
A starcursed mass splits.
A chorus of shrieks assaults your mind.
A starcursed mass splits.
A starcursed mass splits.
A chorus of shrieks assaults your mind.
* * * LOW HITPOINT WARNING * * *
The starcursed mass engulfs you.
* * * LOW HITPOINT WARNING * * *
A starcursed mass splits. x2
A deafening chorus of shrieks assaults your mind!
* * * LOW HITPOINT WARNING * * *
A starcursed mass splits. x2
A cacophony of accursed wailing tears at your sanity!
You die...

####..
....###..# #
###..##..*.###
##..##..R..#
........X##
#.#.#.XXXX.#
#.#..XXX..#
#.# #....XX##
#.#....#
#.##..@.# ..
#...## #..##.#
### .#. . . ..
.# .. #. ..# .


You could see the friendly Meme the knight, 8 starcursed masses, a wretched star
and 2 large abominations.

Vanquished Creatures
  A quicksilver dragon zombie (Abyss:3)
  4 hydras
  2 centaur warriors
  7 two-headed ogres
  A tengu warrior (D:13)
  A two-headed ogre (shapeshifter) (D:13)
  7 death yaks
  A sun demon (Lair:6)
  2 wretched stars (Abyss:3)
  3 skeletal warriors (D:14)
  A wizard (Lair:6)
  An unseen horror (D:10)
  Pikel (D:4)
  A cyclops (D:13)
  An ugly thing (D:13)
  4 manticores
  9 elephants
  A moth of wrath (shapeshifter) (D:13)
  3 centaur zombies
  2 black mambas
  2 gargoyles
  An orange demon (Lair:6)
  12 spiny frogs
  A centaur skeleton (D:14)
  6 komodo dragons
  3 kobold demonologists
  5 rime drakes
  2 tengu conjurers (D:13)
  A hellwing (Lair:6)
  A redback zombie (D:10)
  A polar bear (Lair:5)
  4 red devils (Lair:6)
  A hornet (D:9)
  A tyrant leech (Lair:4)
  4 trolls
  10 blink frogs
  3 slime creatures
  2 dream sheep (D:13)
  A hornet (shapeshifter) (D:14)
  6 hippogriffs
  A shadow (D:13)
  2 wraiths
  A wyvern (Lair:5)
  29 yaks
  4 basilisks
  Eustachio (D:4)
  A chaos spawn (Abyss:3)
  A hungry ghost (D:8)
  3 vampire mosquitoes (D:15)
  Menkaure (D:5)
  Edmund (D:5)
  An acid dragon (D:13)
  9 water moccasins
  A soldier ant (D:14)
  3 hell hounds (Lair:6)
  A floating eye (shapeshifter) (D:13)
  4 porcupines
  10 orc warriors
  10 ice beasts
  2 large abominations (Abyss:3)
  A slave (D:4)
  A phantom (D:13)
  4 sky beasts
  6 ogres
  6 black bears
  15 centaurs
  8 crocodiles
  23 big kobolds
  14 bullfrogs
  A wyvern zombie (D:6)
  2 small abominations (Abyss:3)
  A wyvern skeleton (D:10)
  4 scorpions
  2 killer bees (D:9)
  3 wights (D:11)
  An electric eel (D:12)
  3 howler monkeys
  9 crimson imps
  A bullfrog zombie (D:12)
  A quasit (D:5)
  2 jellies
  3 bullfrog skeletons
  14 orc priests
  Crazy Yiuf (D:2)
  5 hounds
  14 orc wizards
  Terence (D:2)
  Natasha (thrice) (D:2 D:3)
  5 iguanas
  4 hell rats (Lair:6)
  15 worker ants
  2 killer bee zombies
  A hound skeleton (D:10)
  Robin (D:2)
  A worker ant zombie (D:7)
  14 adders
  6 shadow imps
  An ufetubus (Abyss:3)
  An ooze (D:1)
  2 adder skeletons
  4 dart slugs
  2 leopard geckos
  32 orcs
  6 bats
  3 giant cockroaches
  17 goblins
  15 hobgoblins
  8 jackals
  37 kobolds
  3 quokkas
  A ball python (D:5)
  4 frilled lizards
  7 rats
  A fungus (Lair:6)
  2 plants
550 creatures vanquished.

Vanquished Creatures (collateral kills)
  2 hydras (Lair:6)
  Urug (Lair:4)
  A skeletal warrior (D:14)
  2 unseen horrors (D:14)
  A manticore (D:13)
  3 elephants (Lair:3)
  A spiny frog (Lair:3)
  A centaur skeleton (D:7)
  A rime drake (shapeshifter) (D:13)
  4 rime drakes
  A komodo dragon (Lair:6)
  An ice devil (Lair:6)
  A hellwing (Abyss:3)
  2 hippogriffs
  A slime creature (Lair:5)
  3 blink frogs
  2 shadows
  2 wyverns
  2 yaks
  A large abomination (Abyss:3)
  A neqoxec (Abyss:3)
  A hungry ghost (D:14)
  2 porcupines
  6 water moccasins
  A black bear (D:7)
  A phantom (D:8)
  A centaur (D:14)
  2 crocodiles
  6 big kobolds
  A bullfrog (D:8)
  A scorpion (D:7)
  A killer bee (D:9)
  A howler monkey (D:12)
  An electric eel (Lair:1)
  A hound (D:11)
  A jelly (D:8)
  2 orc priests
  An orc wizard (D:7)
  An iron imp (Abyss:3)
  2 adders (D:7)
  A shadow imp (D:11)
  4 orcs
  6 kobolds
  A fungus (Lair:4)
79 creatures vanquished.

Vanquished Creatures (others)
  6 ancestors
  9 knights
  12 fungi
  23 plants
  A starspawn tentacle (Abyss:3)
51 creatures vanquished.

Grand Total: 680 creatures vanquished

Notes
Turn   | Place    | Note
-------+----------+-------------------------------------------
     0 | D:1      | Yakui the Merfolk Gladiator began the quest for the Orb.
     0 | D:1      | Reached XP level 1. HP: 16/16 MP: 1/1
    66 | D:1      | Reached skill level 1 in Stealth
    66 | D:1      | Reached XP level 2. HP: 21/22 MP: 2/2
   136 | D:1      | Reached skill level 5 in Polearms
   248 | D:1      | Reached XP level 3. HP: 24/27 MP: 3/3
   849 | D:2      | Found a shadowy altar of Dithmenos.
   918 | D:2      | Noticed Natasha
   920 | D:2      | Killed Natasha
   920 | D:2      | Reached XP level 4. HP: 34/34 MP: 4/4
   993 | D:2      | Noticed Robin
  1058 | D:2      | Killed Robin
  1246 | D:2      | Noticed Terence
  1274 | D:2      | Killed Terence
  1274 | D:2      | Reached skill level 1 in Armour
  1274 | D:2      | Reached XP level 5. HP: 19/39 MP: 5/5
  1548 | D:2      | Found a glowing golden altar of the Shining One.
  1612 | D:2      | Reached skill level 6 in Polearms
  1679 | D:2      | Found a runed door.
  1686 | D:2      | Noticed Crazy Yiuf
  1692 | D:2      | Killed Crazy Yiuf
  1692 | D:2      | Reached skill level 5 in Dodging
  2131 | D:3      | Noticed Natasha
  2146 | D:3      | Killed Natasha
  2344 | D:3      | Reached XP level 6. HP: 26/46 MP: 6/6
  2584 | D:3      | Noticed Natasha
  2589 | D:3      | Killed Natasha
  2912 | D:3      | Reached skill level 7 in Polearms
  3646 | D:4      | Noticed Eustachio
  3743 | D:4      | Killed Eustachio
  3743 | D:4      | Reached XP level 7. HP: 21/52 MP: 7/7
  4074 | D:4      | Found a stormy altar of Qazlal.
  4180 | D:4      | Noticed Pikel
  4208 | D:4      | Killed Pikel
  4208 | D:4      | Reached skill level 9 in Polearms
  4208 | D:4      | Reached XP level 8. HP: 61/61 MP: 8/8
  4713 | D:5      | Entered Level 5 of the Dungeon
  4852 | D:5      | Found a shimmering altar of Xom.
  4888 | D:5      | Noticed Edmund
  4903 | D:5      | Killed Edmund
  4903 | D:5      | Reached skill level 10 in Polearms
  4984 | D:5      | Noticed Menkaure
  4994 | D:5      | Killed Menkaure
  4994 | D:5      | Reached skill level 5 in Fighting
  5217 | D:5      | Reached XP level 9. HP: 52/68 MP: 9/9
  5581 | D:6      | Noticed a two-headed ogre
  5589 | D:6      | Killed a two-headed ogre
  5589 | D:6      | Reached skill level 11 in Polearms
  5978 | D:6      | Reached skill level 12 in Polearms
  6198 | D:6      | Found a staircase to the Ecumenical Temple.
  6226 | Temple   | Entered the Ecumenical Temple
  6408 | Temple   | Became a worshipper of Hepliaklqana the Forgotten
  6507 | D:6      | Found a shattered altar of Ashenzari.
  6948 | D:7      | Reached XP level 10. HP: 39/69 MP: 10/10
  6960 | D:7      | Found a radiant altar of Vehumet.
  7198 | D:7      | Found a sacrificial altar of Ru.
  7198 | D:7      | Found a glowing silver altar of Zin.
  7432 | D:7      | Reached skill level 13 in Polearms
  8106 | D:8      | Reached skill level 1 in Invocations
  8107 | D:8      | Reached * piety under Hepliaklqana
  8257 | D:8      | Found a sparkling altar of Nemelex Xobeh.
  8257 | D:8      | Found a snail-covered altar of Cheibriados.
  8342 | D:8      | Noticed a death yak
  8343 | D:8      | Found a staircase to the Lair.
  8343 | D:8      | Noticed an elephant
  8363 | D:8      | Killed an elephant
  8366 | D:8      | Killed a death yak
  8366 | D:8      | Reached skill level 14 in Polearms
  8366 | D:8      | Reached skill level 5 in Armour
  8470 | D:8      | Found a blossoming altar of Fedhas.
  8564 | D:8      | Noticed a two-headed ogre
  8581 | D:8      | Killed a two-headed ogre
  8581 | D:8      | Reached skill level 5 in Invocations
  8581 | D:8      | Reached XP level 11. HP: 58/75 MP: 12/15
  8900 | D:9      | Reached skill level 10 in Dodging
  8901 | D:9      | Noticed a two-headed ogre
  8917 | D:9      | Killed a two-headed ogre
  8972 | D:9      | Noticed a two-headed ogre
  8986 | D:9      | Killed a two-headed ogre
  8986 | D:9      | Reached skill level 15 in Polearms
  9085 | D:9      | Found a white marble altar of Elyvilon.
  9158 | D:9      | Reached ** piety under Hepliaklqana
  9201 | D:9      | Remembered your ancestor Meme as a knight
  9500 | D:9      | Noticed a two-headed ogre
  9513 | D:9      | Killed a two-headed ogre
  9585 | D:9      | Found a staircase to the Orcish Mines.
  9606 | D:9      | Paralysed by an orc warrior for 2 turns
  9610 | D:9      | Paralysed by an orc warrior for 3 turns
  9701 | D:10     | Entered Level 10 of the Dungeon
  9841 | D:10     | Noticed a manticore
  9856 | D:10     | Killed a manticore
  9957 | D:10     | Reached skill level 16 in Polearms
 10365 | D:10     | Killed an unseen horror
 10870 | Lair:1   | Entered Level 1 of the Lair of Beasts
 10886 | Lair:1   | Reached XP level 12. HP: 83/84 MP: 16/16
 11099 | Lair:1   | Reached *** piety under Hepliaklqana
 11173 | Lair:1   | Noticed a five-headed hydra
 11499 | Lair:2   | Reached skill level 17 in Polearms
 12353 | Lair:3   | Learned a level 2 spell: Repel Missiles
 12522 | Lair:3   | Reached **** piety under Hepliaklqana
 12568 | Lair:3   | Noticed a five-headed hydra
 13080 | Lair:3   | HP: 1/127 [blink frog (10)]
 13674 | Lair:3   | Found a hole to the Spider Nest.
 13699 | Lair:3   | Reached skill level 18 in Polearms
 14620 | Lair:4   | Reached XP level 13. HP: 91/91 MP: 17/17
 14654 | Lair:4   | Noticed Urug
 14667 | Lair:4   | Killed Urug
 14954 | Lair:4   | Reached skill level 10 in Fighting
 15165 | Lair:4   | Found a staircase to the Swamp.
 15564 | Lair:5   | Reached skill level 19 in Polearms
 15566 | Lair:5   | Found a staircase to the Slime Pits.
 15991 | Lair:5   | Reached ***** piety under Hepliaklqana
 16358 | Lair:6   | Entered Level 6 of the Lair of Beasts
 16477 | Lair:6   | Reached skill level 20 in Polearms
 17485 | Lair:6   | Reached XP level 14. HP: 97/99 MP: 20/20
 17527 | Lair:6   | Found a burning altar of Makhleb.
 17857 | Lair:6   | Found a blossoming altar of Fedhas.
 18217 | Lair:6   | Reached skill level 21 in Polearms
 18251 | Lair:6   | Found a gateway to Hell.
 20061 | D:12     | Learned a level 3 spell: Regeneration
 20506 | D:13     | Reached skill level 1 in Spellcasting
 20537 | D:13     | Reached skill level 1 in Charms
 20569 | D:13     | Reached skill level 1 in Air Magic
 20715 | D:13     | Reached skill level 1 in Necromancy
 20825 | D:13     | Found a gate to the Vaults.
 21134 | D:13     | Found a sparkling altar of Nemelex Xobeh.
 21344 | D:13     | Reached XP level 15. HP: 105/107 MP: 21/21
 22053 | D:14     | Reached skill level 22 in Polearms
 22267 | D:14     | Found a hazy altar of Hepliaklqana.
 22986 | D:15     | Entered Level 15 of the Dungeon
 23035 | D:15     | Noticed Louise
 23051 | D:15     | Cast into level 3 of the Abyss (Louise)
 23092 | Abyss:3  | Gained mutation: You regenerate slowly when monsters are visible. [a neqoxec]
 23301 | Abyss:3  | Reached ****** piety under Hepliaklqana
 23348 | Abyss:3  | Noticed a tentacled starspawn
 23358 | Abyss:3  | Noticed a bone dragon
 23399 | Abyss:3  | Killed from afar by a starcursed mass

Vault maps used:
D:1:      dpeg_arrival_line_fractal, st_stairs_1
D:2:      tso_altar, nicolae_dithmenos_through_a_glass_darkly, uniq_terence,
          uniq_natasha, uniq_robin, uniq_crazy_yiuf_cottage
D:3:      lexackson_kobold_supper
D:4:      minmay_misc_feat_four_crosses, minivault_23,
          nicolae_qazlal_general_emergency, uniq_eustachio, uniq_pikel
D:5:      tgw_xom, first_bread, uniq_menkaure, uniq_edmund
D:6:      kennysheep_mini, st_stairs_7, kennysheep_generic_room_10
D:7:      vehumet_altar_wand_db, gammafunk_temple_overflow_statue
D:8:      lemuel_doored_altar, chequers_temple_overflow_statue_of_worship,
          david_lair_generic
D:9:      minmay_ornate_pinched, marbit_many_paths
D:13:     minmay_blocky_corners, david_vaults_2, basic_altar, hangedman_ranch
D:14:     basic_altar
D:15:     grunt_enter_depths_hoard, okawaru_ov_weapons_minmay, uniq_louise
Temple:   jpeg_temple_alley_garden
Lair:1:   minivault_26, serial_bayou_shore_a
Lair:3:   spider_nest_entry_web_field, enter_volcano_1
Lair:4:   minmay_swamp_entry_worms, minmay_lair_oklob_chamber, uniq_urug
Lair:5:   minmay_slime_entry_pillars, ice2_lemuel
Lair:6:   evil_forest, tgw_fedhas, lemuel_fruit_tree,
          infiniplex_staircase_pool_2
Abyss:3:  due_evilmike_abyss_rune_seething_liches

Skill      XL: |  1  2  3  4  5  6  7  8  9 10 11 12 13 14 15 |
---------------+----------------------------------------------+-----
Stealth        | 1 2 3 |  3.4
Polearms       | 5 6 7 9 10 12 14 16 18 20 21 22 | 22.0
Armour         | 1 2 3 4 5 6 7 8 |  8.0
Dodging        | 5 6 7 8 9 10 12 13 | 13.4
Fighting       | 3 4 5 6 7 8 9 10 11 | 11.4
Invocations    | 5 6 8 |  8.0
Spellcasting   | 1 3 |  3.4
Charms         | 2 4 |  4.6
Air Magic      | 1 3 |  3.0
Necromancy     | 1 3 |  3.5
Throwing       | |  2.0

Action                   |  1- 3 |  4- 6 |  7- 9 | 10-12 | 13-15 || total
-------------------------+-------+-------+-------+-------+-------++-------
Melee: Trident           |   113 |   235 |   357 |     6 |       ||   711
       Tailslap          |       |       |     1 |       |       ||     1
       Halberd           |       |       |       |   511 |       ||   511
       Bardiche          |       |       |       |    92 |   627 ||   719
       Glaive            |       |       |       |       |   270 ||   270
Throw: Tomahawk          |       |       |     1 |       |       ||     1
 Cast: Regeneration      |       |       |       |       |     2 ||     2
       Repel Missiles    |       |       |       |       |     1 ||     1
Invok: Ancestor Identity |       |       |       |     1 |       ||     1
       Ancestor Life: Kn |       |       |       |     1 |       ||     1
       Recall Ancestor   |       |       |       |     1 |     4 ||     5
       Idealise          |       |       |       |     1 |     1 ||     2
 Abil: Evoke Berserk Rag |       |     2 |     3 |     1 |     1 ||     7
Evoke: Wand              |       |     1 |     3 |       |       ||     4
  Use: Scroll            |       |     4 |     2 |    18 |    13 ||    37
       Potion            |       |       |       |     5 |     1 ||     6
 Stab: Sleeping          |     2 |       |     2 |       |       ||     4
       Distracted        |       |     1 |     1 |     5 |    11 ||    18
       Held in net/web   |       |       |       |     3 |       ||     3
  Eat: Chunk             |       |     9 |     8 |    25 |    23 ||    65
       Royal jelly       |       |       |     1 |     1 |     1 ||     3
       Meat ration       |       |       |     1 |       |       ||     1
       Fruit             |       |       |       |     1 |     6 ||     7
Armor: Leather armour    |     4 |       |       |       |       ||     4
       Scale mail        |    28 |   101 |    52 |       |   148 ||   329
       Chain mail        |       |       |    78 |    18 |       ||    96
       Plate armour      |       |       |       |   175 |     4 ||   179
       Skin              |       |       |       |     5 |       ||     5
Dodge: Dodged            |    57 |   150 |   146 |   196 |   573 ||  1122
